 Dungeon Crawl Stone Soup version 0.23.1 (webtiles) character file.

Game seed: 0

998 redwoodhats the Digger (level 8, -2/64 HPs)
             Began as a Deep Dwarf Earth Elementalist on Mar 4, 2019.
             Was a Follower of Vehumet.
             Slain by an ice beast (8 damage)
             ... on level 6 of the Dungeon on Mar 7, 2019.
             The game lasted 01:03:13 (4321 turns).

redwoodhats the Digger (DDEE)                       Turns: 4321, Time: 01:03:13

Health: -2/64      AC:  4    Str: 11    XL:     8   Next: 0%
Magic:  3/12       EV: 11    Int: 19    God:    Vehumet [*.....]
Gold:   191        SH:  0    Dex: 13    Spells: 3/16 levels left

rFire    . . .     SeeInvis .   l - +5 mace (freeze)
rCold    . . .     Gourm    .   (no shield)
rNeg     . . .     Faith    .   c - +1 robe
rPois    .         Spirit   .   (no helmet)
rElec    .         Reflect  .   f - +0 cloak
rCorr    .         Harm     .   (no gloves)
MR       +....                  (no boots)
Stlth    +.........             j - amulet of regeneration
HPRegen  0.00/turn              (no ring)
MPRegen  0.13/turn              (no ring)

@: non-regenerating, heavily drained
A: damage resistance, heal wounds, sense surroundings 1, no regeneration
a: Heal Wounds, Renounce Religion


You were on level 6 of the Dungeon.
You worshipped Vehumet.
Vehumet was aware of your devotion.
You were not hungry.

You visited 2 branches of the dungeon, and saw 7 of its levels.

You collected 191 gold pieces.

Inventory:

Hand Weapons
 a - a +0 short sword
 e - a +4 quarterstaff of chaos
 h - a +1 hand axe
 l - a +5 mace of freezing (weapon)
 n - a +2 long sword of venom
Missiles
 b - 44 stones (quivered)
Armour
 c - a +1 robe (worn)
 f - a +0 cloak (worn)
Jewellery
 j - an amulet of regeneration (around neck)
Scrolls
 g - a scroll of remove curse
 i - 4 scrolls of identify
 k - a scroll of amnesia
 m - a scroll of magic mapping
Potions
 o - a potion of degeneration {unknown}
Comestibles
 d - 4 rations


   Skills:
 + Level 1.4(0.0) Fighting
 + Level 0.2(0.0) Short Blades
 + Level 3.1(0.4) Long Blades
 + Level 0.1(0.0) Axes
 + Level 1.5(0.0) Staves
 + Level 3.6(0.9) Dodging
 + Level 3.3(0.6) Stealth
 + Level 4.5(1.7) Spellcasting
 + Level 0.1(0.0) Hexes
 + Level 1.6(0.0) Transmutations
 + Level 7.5(4.4) Earth Magic


You had 3 spell levels left.
You knew the following spells:

 Your Spells              Type           Power        Failure   Level  Hunger
a - Sandblast             Erth           ###...       2%          1    #......
b - Passwall              Tmut/Erth      ##......     11%         2    ###....
c - Petrify               Tmut/Erth      ##......     56%         4    #####..
d - Lee's Rapid Deconstr  Erth           ###.......   61%         5    ######.
e - Confusing Touch       Hex            #.....       17%         1    #......

Your spell library contained the following spells:

 Spells                   Type           Power        Failure   Level  Hunger
 Sting                    Conj/Pois      #...         17%         1    #......
 Stone Arrow              Conj/Erth      ##....       22%         3    ###....
 Confuse                  Hex            #.......     45%         3    ###....
 Gell's Gravitas          Tloc           #.........   45%         3    ###....
 Metabolic Englaciation   Hex/Ice        #.........   99%         5    ######.
 Yara's Violent Unravell  Hex/Tmut       #.........   99%         5    ######.


Dungeon Overview and Level Annotations

Branches:
Dungeon (6/15)             Temple (1/1) D:4

Altars:
Ashenzari
Cheibriados
Dithmenos
Elyvilon
Fedhas
Hepliaklqana
Kikubaaqudgha
Makhleb
Nemelex Xobeh
Okawaru
Qazlal
Ru
Sif Muna
Trog
Uskayaw
Vehumet
Xom
Yredelemnul
Zin


Innate Abilities, Weirdness & Mutations

You are resistant to damage.
You can heal yourself by infusing magical energy.
You passively map a small area around you.
You do not regenerate.


Message History

* * * LOW HITPOINT WARNING * * *
The ice beast hits you. The ice beast freezes you!
* * * LOW HITPOINT WARNING * * *
You feel much better. The ice beast hits you. The ice beast freezes you!
* * * LOW HITPOINT WARNING * * *
You hit the ice beast but do no damage.
The ice beast appears confused.
The ice beast is heavily wounded.
The ice beast hits you but does no damage.
You hit the ice beast but do no damage.
The ice beast is heavily wounded.
The ice beast barely misses the scorpion.
You barely miss the ice beast.
The ice beast is heavily wounded.
The ice beast hits you but does no damage.
The ice beast hits you. The ice beast freezes you!
* * * LOW HITPOINT WARNING * * *
You hit the ice beast.
The ice beast is severely wounded.
The ice beast hits you. The ice beast freezes you!
You die...

#....#......##......
*
#....#.##...#.......
#......##...........
*
#.....##..#####.....
###.......# * ,... ,
#....^..F..# *, .
###......### , . ,
##.[...#######....,
* #.....FsY@.......
#.....#########.? ,
#.....# * #.....#
#.....# #######


You could see an ice beast (confused), a bullfrog and a scorpion.

Vanquished Creatures
  2 sky beasts (D:5)
  2 ogres (D:5)
  A bullfrog (D:6)
  3 wights (D:6)
  A jelly (D:5)
  A crimson imp (D:5)
  Crazy Yiuf (D:2)
  An iguana (D:4)
  2 worker ants (D:5)
  2 hound skeletons
  11 adders
  7 gnolls
  An adder skeleton (D:4)
  4 worms
  4 dart slugs
  6 leopard geckos
  7 orcs
  A ball python (D:4)
  2 goblins (D:2)
  A hobgoblin (D:2)
  6 jackals
  9 kobolds
  3 quokkas
  11 bats
  A frilled lizard (D:1)
  A quokka skeleton (D:4)
  7 rats
98 creatures vanquished.

Notes
Turn   | Place    | Note
-------+----------+-------------------------------------------
     0 | D:1      | redwoodhats the Deep Dwarf Earth Elementalist began the
                  | quest for the Orb.
     0 | D:1      | Reached XP level 1. HP: 15/15 MP: 3/3
   506 | D:1      | Reached XP level 2. HP: 22/22 MP: 2/4
   902 | D:1      | Learned a level 2 spell: Passwall
  1131 | D:2      | Reached XP level 3. HP: 22/28 MP: 3/6
  1186 | D:2      | Reached skill level 1 in Transmutations
  1216 | D:2      | Found a runed translucent door.
  1217 | D:2      | Noticed Crazy Yiuf
  1639 | D:2      | Reached skill level 5 in Earth Magic
  1639 | D:2      | Reached XP level 4. HP: 25/36 MP: 5/7
  1814 | D:2      | Killed Crazy Yiuf
  1957 | D:3      | Learned a level 4 spell: Petrify
  2219 | D:3      | Reached XP level 5. HP: 33/42 MP: 7/9
  2706 | D:4      | Found a staircase to the Ecumenical Temple.
  2719 | Temple   | Entered the Ecumenical Temple
  2829 | D:4      | Found a radiant altar of Vehumet.
  2838 | D:4      | Reached skill level 1 in Staves
  2866 | D:4      | Became a worshipper of Vehumet
  2878 | D:4      | Reached skill level 6 in Earth Magic
  2900 | D:4      | Reached XP level 6. HP: 33/49 MP: 6/9
  3216 | D:5      | Entered Level 5 of the Dungeon
  3345 | D:5      | Reached skill level 1 in Long Blades
  3489 | D:5      | Noticed a sky beast
  3498 | D:5      | Killed a sky beast
  3498 | D:5      | Reached XP level 7. HP: 8/56 MP: 1/11
  3749 | D:5      | Reached skill level 1 in Fighting
  3752 | D:5      | Reached skill level 7 in Earth Magic
  3782 | D:5      | Found a basalt altar of Yredelemnul.
  4065 | D:5      | Found a deep blue altar of Sif Muna.
  4073 | D:5      | Found a shimmering altar of Xom.
  4075 | D:5      | Found a burning altar of Makhleb.
  4184 | D:5      | Learned a level 5 spell: Lee's Rapid Deconstruction
  4186 | D:5      | Learned a level 1 spell: Confusing Touch
  4259 | D:6      | Reached * piety under Vehumet
  4259 | D:6      | Offered knowledge of Sting by Vehumet.
  4270 | D:6      | HP: 2/57 [wight/+3 hand axe (7)]
  4276 | D:6      | Reached XP level 8. HP: 26/64 MP: 2/12
  4316 | D:6      | HP: 1/64 [ice beast (11)]
  4321 | D:6      | Slain by an ice beast

Skill      XL: |  1  2  3  4  5  6  7 |
---------------+----------------------+-----
Spellcasting   | 2 3 4 |  4.5
Transmutations | 1 |  1.6
Dodging        | 3 |  3.6
Earth Magic    | 5 6 7 |  7.5
Stealth        | 3 |  3.3
Staves         | 1 |  1.5
Long Blades    | 2 3 |  3.1
Fighting       | 1 |  1.4
Short Blades   | |  0.2
Axes           | |  0.1
Hexes          | |  0.1

Action                   |  1- 3 |  4- 6 |  7- 9 || total
-------------------------+-------+-------+-------++-------
Melee: Unarmed           |    11 |       |       ||    11
       Short sword       |    29 |       |       ||    29
       Hand axe          |    22 |       |       ||    22
       Quarterstaff      |       |    36 |       ||    36
       Long sword        |       |    22 |    27 ||    49
       Mace              |       |       |     9 ||     9
 Cast: Sandblast         |    36 |    63 |    15 ||   114
       Passwall          |     6 |     6 |     2 ||    14
       Petrify           |       |     1 |     2 ||     3
       Confusing Touch   |       |       |     2 ||     2
       Lee's Rapid Decon |       |       |     1 ||     1
 Abil: Heal Wounds       |     3 |     1 |     5 ||     9
  Use: Scroll            |     2 |     5 |     2 ||     9
       Potion            |       |     3 |     1 ||     4
 Stab: Sleeping          |     3 |       |       ||     3
  Eat: Ration            |     1 |     2 |     1 ||     4
Armor: Robe              |    11 |    31 |    12 ||    54
Dodge: Dodged            |    68 |    81 |    48 ||   197
       Rpst.: Long sword |       |    11 |     8 ||    19
